 Dungeon Crawl Stone Soup version 0.28.0-45-g0d030f2227 (webtiles) character file.

Game seed: 13754329558659851651

2887 protoss039 the Destroyer (level 9, -12/52 HPs)
             Began as a Gargoyle Fire Elementalist on Apr 24, 2022.
             Mangled by a two-headed ogre
             ... wielding a +0 giant club
              (18 damage)
             ... on level 6 of the Dungeon.
             The game lasted 00:11:42 (7529 turns).

protoss039 the Destroyer (GrFE)                     Turns: 7529, Time: 00:11:43

Health: -12/52     AC: 15    Str: 13    XL:     9   Next: 77%
Magic:  18/18      EV: 11    Int: 19    God:
Gold:   344        SH:  0    Dex: 10    Spells: 8/21 levels left

rFire   . . .      SeeInvis .   v - +7 Throatcutter {drain, coup de grace}
rCold   . . .      Faith    .   (no shield)
rNeg    + . .      Spirit   .   u - +0 steam dragon scales
rPois   ∞          Reflect  .   j - +2 hat
rElec   +          Harm     .   (no cloak)
rCorr   .          Rampage  .   g - +0 pair of gloves
Will    .....                   (no boots)
Stlth   ++........              (no amulet)
HPRegen 0.17/turn               (no ring)
MPRegen 0.16/turn               (no ring)

@: invisible
A: sickness immunity, AC +6, negative energy resistance 1, electricity
resistance, torment resistance 1, petrification resistance
a: no special abilities


You were on level 6 of the Dungeon.
You visited 1 branch of the dungeon, and saw 6 of its levels.
You also visited: Sewer.

You collected 344 gold pieces.

Inventory:

Hand Weapons
 n - a +2 whip of venom
 t - a +2 mace of holy wrath
 v - the +7 Throatcutter (weapon) {drain, coup de grace}
   (You found it on level 5 of the Dungeon)

   A truly terrible weapon, it drains the life of any living foe it strikes.
   It may instantly kill foes which have little health.
Missiles
 d - 191 stones
Armour
 g - a +0 pair of gloves (worn)
 j - a +2 hat (worn)
 u - +0 steam dragon scales (worn)
Wands
 c - a wand of polymorph (12)
Scrolls
 a - a scroll of vulnerability {unknown}
 b - 2 scrolls of teleportation {unknown}
 f - 2 scrolls of magic mapping {unknown}
 i - a scroll of amnesia {unknown}
 k - 8 scrolls of identify {unknown}
 l - a scroll of immolation {unknown}
 o - a scroll of fear {unknown}
 q - a scroll of fog {unknown}
 r - a scroll of silence {unknown}
 s - 3 scrolls of holy word {unknown}
Potions
 e - 2 potions of heal wounds {unknown}
 h - 2 potions of lignification {unknown}
 m - 2 potions of cancellation {unknown}
 w - a potion of degeneration {unknown}
 x - 2 potions of attraction {unknown}


   Skills:
 * Level 3.9 Fighting
 + Level 1.1 Long Blades
 - Level 3.0 Armour
 - Level 1.5 Dodging
 - Level 2.1 Stealth
 * Level 6.5 Spellcasting
 + Level 8.3 Conjurations
 + Level 7.2 Fire Magic


You had 8 spell levels left.
You knew the following spells:

 Your Spells              Type           Power      Damage    Failure   Level
a - Foxfire               Conj/Fire      100%       2x1d9     1%          1
b - Scorch                Fire           66%        2d8       1%          2
c - Conjure Flame         Conj/Fire      35%        6-21      1%          3
d - Inner Flame           Hex/Fire       19%        N/A       7%          3
e - Flame Wave            Conj/Fire      35%        2d8       4%          4

Your spell library contained the following spells:

 Spells                   Type           Power      Damage    Failure   Level
 Ensorcelled Hibernation  Hex/Ice        12%        N/A       16%         2
 Spider Form              Tmut/Pois      6%         N/A       32%         3
 Anguish                  Hex/Necr       3%         N/A       71%         4


Dungeon Overview and Level Annotations

Branches:
Dungeon (6/15)              Sewer (visited)
 Temple: D:4-7

Altars:

Shops:
D:3 [

Annotations:
D:4 3 runed translucent doors, diceflayer's ghost, amateur MiFi


Innate Abilities, Weirdness & Mutations

You are immune to sickness and miasma.
Your stone body is resilient. (AC +6)
You are immune to poison.
You resist negative energy. (rN+)
You are resistant to electric shocks. (rElec)
You are resistant to unholy torment.
You are immune to petrification.


Message History

The yak gores you but does no damage. The cyclops closely misses you.
The yak gores you.
* * * LOW HITPOINT WARNING * * *
Unknown command.
Unknown command.
You hit the cyclops. You drain the cyclops.
The cyclops is heavily wounded.
The cyclops hits you but does no damage.
The yak completely misses you.
Unknown command.
You hit the cyclops. You drain the cyclops.
You put the cyclops out of its misery!
You kill the cyclops!
The yak gores you!
* * * LOW HITPOINT WARNING * * *
The yak snorts and paws the ground.
The yak gores you but does no damage.
Your Long Blades skill increases to level 1!
You hit the yak.
The yak is severely wounded.
The yak closely misses you.
Unknown command.
You slash the yak!
You kill the yak!
Unknown command.
Unknown command.
You see here 4 large rocks.
Unknown command.
There is a broken door here.
You fade into invisibility!
The two-headed ogre closely misses you. The two-headed ogre misses you.
Unknown command.
Unknown command.
Unknown command.
Unknown command.
Unknown command.
You slash the two-headed ogre!
The two-headed ogre is lightly wounded.
The two-headed ogre hits you with a +0 giant club!!
You die...

.#...............#
.####..##'######## #####..##.#
........... ##### ....#
............ ##..' #...# .
............. ..## #...##.
.####.##..##.# S8#$# # #.....
.#######..# .###+##!##'###...#
...........
.#.@.+!#..8##...#### ........
#8.O#[#..†'........ ........
.... ##'##(##'##........
........ ....
#(8#!#8.###...##.. .####.##
#..# #..###..# #...#
'####.####..#####†.').####...#
........+...#...#######.#....#
........#...#...........#....#
........#...#...........##...#


You could see a two-headed ogre.

Vanquished Creatures
  A two-headed ogre (D:4)
  A cyclops (D:6)
  A yak (D:6)
  A steam dragon (D:5)
  3 ogres
  3 centaurs
  7 kobold brigands (Sewer)
  2 water moccasin skeletons
  4 jellies
  2 orc priests
  2 centaur skeletons
  2 hounds
  2 iguanas (D:4)
  An orc wizard (D:4)
  8 adders
  A gnoll (D:3)
  A river rat (Sewer)
  4 worms
  A dart slug (D:1)
  13 orcs
  11 ball pythons
  7 endoplasms
  4 giant cockroaches
  8 goblins
  10 hobgoblins
  4 jackals (D:1)
  4 quokkas
  7 bats
  8 frilled lizards
  10 kobolds
  17 rats
150 creatures vanquished.

Vanquished Creatures (others)
  157 foxfires
  A fungus (D:4)
  3 plants (D:4)
161 creatures vanquished.

Grand Total: 311 creatures vanquished

Notes
Turn   | Place    | Note
-------+----------+-------------------------------------------
     0 | D:1      | protoss039 the Gargoyle Fire Elementalist began the quest
                  | for the Orb.
     0 | D:1      | Reached XP level 1. HP: 10/10 MP: 3/3
   178 | D:1      | Reached XP level 2. HP: 15/15 MP: 5/5
   513 | D:1      | Reached skill level 2 in Conjurations
   525 | D:1      | Reached XP level 3. HP: 15/19 MP: 4/6
  1247 | D:2      | Learned a level 2 spell: Scorch
  1597 | D:2      | Reached XP level 4. HP: 21/24 MP: 2/8
  2222 | D:2      | Reached skill level 3 in Conjurations
  2249 | D:2      | Found a faded altar of an unknown god.
  2478 | D:3      | Found Aklaroix's Armour Emporium.
  2540 | D:3      | Reached XP level 5. HP: 21/28 MP: 4/9
  3433 | D:4      | Found a glowing drain.
  3458 | D:3      | Reached XP level 6. HP: 4/32 MP: 1/11
  3592 | Sewer    | Entered a sewer
  4055 | Sewer    | Reached skill level 4 in Conjurations
  4227 | Sewer    | Reached skill level 5 in Fire Magic
  4227 | Sewer    | Reached XP level 7. HP: 31/36 MP: 10/13
  4737 | Sewer    | Reached skill level 5 in Conjurations
  5198 | D:4      | Found a runed translucent gate.
  5198 | D:4      | Found a runed translucent gate.
  5198 | D:4      | Found a runed translucent gate.
  5201 | D:4      | Noticed diceflayer's ghost (amateur MiFi)
  5260 | D:4      | Reached skill level 1 in Fighting
  5260 | D:4      | Reached skill level 1 in Armour
  5260 | D:4      | Reached XP level 8. HP: 35/43 MP: 8/15
  5577 | D:4      | Reached skill level 5 in Spellcasting
  6097 | D:4      | Noticed a two-headed ogre
  6165 | D:4      | Killed a two-headed ogre
  6166 | D:4      | Reached skill level 7 in Conjurations
  6166 | D:4      | Reached XP level 9. HP: 50/50 MP: 7/17
  6352 | D:5      | Entered Level 5 of the Dungeon
  6461 | D:5      | Learned a level 3 spell: Conjure Flame
  6466 | D:5      | Learned a level 4 spell: Flame Wave
  6470 | D:5      | Learned a level 3 spell: Inner Flame
  6726 | D:5      | Found the +7 Throatcutter {drain, coup de grace}
  7501 | D:6      | Reached skill level 8 in Conjurations
  7501 | D:6      | Noticed a two-headed ogre
  7512 | D:6      | Noticed a cyclops
  7521 | D:6      | Killed a cyclops
  7522 | D:6      | Reached skill level 1 in Long Blades
  7529 | D:6      | Mangled by a two-headed ogre

Illustrated notes

Levels and vault maps discovered:
D:1:      lightli_arrival_lavapool, layout_rooms, minmay_misc_feat_diagonals
D:2:      layout_loops_corners, shapermc_ecumenical_altar_notcrosses
D:3:      layout_rooms, serial_shops, nicolae_diamond_shop,
          minmay_misc_feat_cross, minmay_bisected
D:4:      layout_basic, gammafunk_ghost_nasty_kobolds, portal_sewer_entry_a,
          hangedman_decor_opposing, minmay_misc_feat_enclosed, uniq_eustachio
D:5:      layout_loops_ring
D:6:      minmay_chambers_of_sixes, layout_gridville

Skill      XL: |  1  2  3  4  5  6  7  8  9 |
---------------+----------------------------+-----
Conjurations   | 2 3 4 5 7 8 |  8.3
Spellcasting   | 3 4 5 6 |  6.5
Fire Magic     | 4 5 6 7 |  7.2
Fighting       | 1 3 |  3.9
Armour         | 1 3 |  3.0
Long Blades    | 1 |  1.1
Dodging        | |  1.5
Stealth        | |  2.1

Action                   |  1- 3 |  4- 6 |  7- 9 || total
-------------------------+-------+-------+-------++-------
Melee: Short sword       |    95 |       |       ||    95
       Unarmed           |     6 |       |       ||     6
       Punch             |     2 |     4 |     1 ||     7
       Whip              |    29 |   104 |    78 ||   211
       Long sword        |       |       |    34 ||    34
 Cast: Foxfire           |    14 |    48 |    27 ||    89
       Scorch            |     3 |    22 |    40 ||    65
  Use: Potion            |       |       |     1 ||     1
 Stab: Sleeping          |     1 |       |     2 ||     3
Armor: Ring mail         |    57 |    75 |    59 ||   191
       Robe              |     1 |       |       ||     1
       Steam dragon scal |       |       |    28 ||    28
Dodge: Dodged            |    92 |    70 |    86 ||   248
